 Dungeon Crawl Stone Soup version 0.16-a0-3458-g6d2551d (console) character file.

9295 mauris the Slicer (level 11, -5/75 HPs)
             Began as a Demonspawn Abyssal Knight on Jan 1, 2015.
             Was an Elder of Lugonu.
             Slain by NewYearsCrawler's ghost (21 damage)
             ... on level 12 of the Dungeon.
             The game lasted 00:57:05 (16041 turns).

mauris the Slicer (Demonspawn Abyssal Knight)      Turns: 16041, Time: 00:57:05

Health: -5/75      AC: 14    Str: 17    XL:     11   Next: 21%
Magic:  27/27      EV: 10    Int: 16    God:    Lugonu [****..]
Gold:   663        SH:  5    Dex: 14    Spells: 0 memorised, 10 levels left

rFire  + . .     SeeInvis +     j - +4 dagger (venom)
rCold  . . .     Clarity  .     v - +0 chain mail
rNeg   + . .     SustAb   .     D - +0 buckler
rPois  .         Gourm    .     (helmet restricted)
rElec  .         Spirit   .     l - +0 cloak
rCorr  .         Warding  .     F - +1 pair of gloves
rMut   .         Stasis   .     B - +0 pair of boots
MR     .....                    (no amulet)
Stlth  ..........               w - ring of magical power
                                h - ring of positive energy

@: mighty, not resistant to hostile enchantments, extremely unstealthy
A: horns 2, large bone plates 1, see invisible, deformed body, deterioration 1,
fire resistance 1, nightstalker 1, spiny 2
a: Depart the Abyss, Bend Space, Banish, Corrupt, Renounce Religion


You were on level 12 of the Dungeon.
You worshipped Lugonu.
Lugonu was greatly pleased with you.
You were hungry.

You visited 2 branches of the dungeon, and saw 13 of its levels.
You visited the Abyss 1 time.

You collected 663 gold pieces.

Inventory:

Hand weapons
 j - a +4 dagger of venom (weapon)
 I - a +3 short sword
Missiles
 g - 394 stones (quivered)
Armour
 l - a +0 cloak (worn)
 v - a +0 chain mail (worn)
 B - a +0 pair of boots (worn)
 D - a +0 buckler (worn)
 F - a +1 pair of gloves (worn)
Jewellery
 h - a ring of positive energy (left hand)
 w - a ring of magical power (right hand)
 G - an uncursed ring of teleportation
Magical devices
 b - a wand of disintegration (3)
 e - a wand of confusion (12)
 o - a wand of flame (14)
 r - a wand of random effects (35)
 y - a wand of disintegration (12)
 H - a wand of lightning (3)
Scrolls
 f - a scroll of fog
 k - a scroll of remove curse
 p - a scroll of immolation {unknown}
 x - a scroll of recharging
 E - a scroll of enchant armour {unknown}
 M - a scroll of blinking
Potions
 a - 2 potions of lignification {!q}
 d - 2 potions of flight
 i - 2 potions of might
 m - a potion of cancellation
 q - a potion of cure mutation {unknown}
 t - a potion of resistance {unknown}
 u - 2 potions of poison {unknown}
 z - a potion of agility {unknown}
 A - 6 potions of restore abilities
 C - a potion of curing {@q1}
 J - a potion of brilliance {unknown}
 K - a potion of haste {unknown}
Comestibles
 c - 10 bread rations
 n - 6 fruits
 s - 3 meat rations


   Skills:
 - Level 3.6 Fighting
 - Level 9.0 Short Blades
   Level 5.2 Axes
 - Level 1.0 Throwing
 - Level 8.9 Armour
 - Level 8.4 Dodging
 + Level 4.2 Invocations


You had 10 spell levels left.
You didn't know any spells.

Dungeon Overview and Level Annotations

Branches:
Dungeon (12/15)            Temple (0/1) D:7            Lair (1/8) D:8
    Orc (0/4) D:9

Altars:
Dithmenos
Fedhas
Gozag
Kikubaaqudgha
Makhleb
Nemelex Xobeh
Qazlal
Ru
Sif Muna
Trog
Xom
Yredelemnul
Zin
The Shining One

Annotations:
D:10 ogbe ghost, WereVolvo's ghost, experienced OgBe
D:12 NewYearsCrawler's ghost, powerful FoFi
Lair:1 hydra at
Abyss:1 Duvessa, Natasha, Prince Ribbit, Sigmund


Innate Abilities, Weirdness & Mutations

You have a pair of horns on your head.
You are partially covered in large bone plates (AC +2, SH +2).
You are slightly more attuned to the shadows.
You are mostly covered in sharp spines.
You have supernaturally acute eyesight.
Armour fits poorly on your strangely shaped body.
Your body is slowly deteriorating.
Your flesh is heat resistant.


Message History

Your headbutt misses NewYearsCrawler's ghost.
NewYearsCrawler's ghost is severely damaged.
NewYearsCrawler's ghost closely misses you.
You hit NewYearsCrawler's ghost.
NewYearsCrawler's ghost is severely damaged.
You closely miss NewYearsCrawler's ghost.
NewYearsCrawler's ghost is severely damaged.
You block NewYearsCrawler's ghost's attack.
You hit NewYearsCrawler's ghost.
You headbutt NewYearsCrawler's ghost, but do no damage.
NewYearsCrawler's ghost is severely damaged.
You hit NewYearsCrawler's ghost but do no damage.
Your headbutt misses NewYearsCrawler's ghost.
NewYearsCrawler's ghost is severely damaged.
NewYearsCrawler's ghost hits you!
* * * LOW HITPOINT WARNING * * *
You hit NewYearsCrawler's ghost.
NewYearsCrawler's ghost is severely damaged.
NewYearsCrawler's ghost hits you!!
You die...

##### #..@#
#..W# #...#
#...#
#...#####....
###...W.'....
#######.... .
.


You could see NewYearsCrawler's ghost.

Vanquished Creatures
  An unseen horror (D:11)
  Pikel (D:9)
  A hill giant (D:11)
  A komodo dragon (D:8)
  A troll (D:11)
  2 slime creatures (D:12)
  A spriggan (D:8)
  4 yaks
  2 hungry ghosts (D:10)
  A water moccasin (D:7)
  A porcupine (D:8)
  A black bear (D:9)
  3 orc warriors
  A slave (D:9)
  2 phantoms
  3 sky beasts (D:9)
  A necrophage (D:8)
  A centaur (D:10)
  2 ice beasts
  5 ogres
  A big kobold (D:9)
  A crocodile (D:11)
  Blork the orc (D:7)
  3 giant frogs
  2 scorpions
  2 vampire bats (D:8)
  4 wights (D:8)
  Dowan (D:7)
  2 crimson imps
  2 jellies
  12 orc priests
  A giant frog zombie (D:9)
  2 hounds
  A quasit (D:5)
  2 centaur skeletons (D:5)
  2 centaur zombies
  16 orc wizards
  An iguana (D:6)
  2 giant frog skeletons
  3 iron imps (D:6)
  7 worker ants
  Ijyb (D:5)
  A hound skeleton (D:7)
  3 worker ant zombies
  Robin (D:4)
  12 adders
  3 gnolls (D:5)
  9 river rats (Lair:1)
  A giant mite (D:3)
  2 shadow imps
  2 worms
  2 adder skeletons
  7 giant geckos
  60 orcs
  16 bats
  5 bat skeletons
  A bat zombie (D:8)
  9 giant cockroaches
  22 hobgoblins
  4 jackals
  21 kobolds
  7 quokkas
  2 ball pythons
  A giant gecko skeleton (D:7)
  8 giant newts
  20 goblins
  A jackal zombie (D:6)
  7 rats
  A spectral orc (D:6)
332 creatures vanquished.

Vanquished Creatures (others)
  A hill giant (D:11)
  A slime creature (D:12)
  A gargoyle (D:10)
  2 spiny frogs (Lair:1)
  A water moccasin (D:7)
  3 orc warriors
  An ice beast (D:6)
  3 ogres
  A goliath beetle (D:6)
  An orc priest (D:7)
  2 iguanas
  An orc (D:9)
  A quokka (D:9)
  5 plants (D:8)
  4 toadstools (D:1)
28 creatures vanquished.

Grand Total: 360 creatures vanquished

Notes
Turn   | Place    | Note
--------------------------------------------------------------
     0 | Abyss:1  | mauris, the Demonspawn Abyssal Knight, began the quest for the Orb.
     0 | Abyss:1  | Reached XP level 1. HP: 18/18 MP: 1/1
     5 | Abyss:1  | Found a corrupted altar of Lugonu.
    60 | Abyss:1  | Noticed a raiju
    61 | D:1      | Escaped the Abyss
   234 | D:1      | Gained mutation: You are partially covered in sharp spines. [demonic ancestry]
   234 | D:1      | Reached XP level 2. HP: 21/24 MP: 2/2
   236 | D:1      | Acquired Lugonu's first power
  1023 | D:2      | Acquired Lugonu's second power
  1023 | D:2      | Reached XP level 3. HP: 29/29 MP: 4/4
  1057 | D:2      | Reached skill level 1 in Dodging
  1933 | D:2      | Reached skill level 1 in Throwing
  2445 | D:2      | Gained mutation: You are slightly more attuned to the shadows. [demonic ancestry]
  2445 | D:2      | Reached XP level 4. HP: 31/36 MP: 5/5
  2963 | D:3      | Gained mutation: You are mostly covered in sharp spines. [demonic ancestry]
  2963 | D:3      | Reached XP level 5. HP: 3/41 MP: 7/7
  3197 | D:2      | Acquired Lugonu's third power
  3312 | D:3      | Reached skill level 4 in Axes
  3422 | D:3      | Noticed an ogre
  3550 | D:3      | Gained mutation: Your flesh is heat resistant. [potion of beneficial mutation]
  3551 | D:3      | nice
  3716 | D:3      | Found a bloodstained altar of Trog.
  3732 | D:3      | Banished an ogre
  3768 | D:4      | Reached XP level 6. HP: 24/47 MP: 8/8
  3779 | D:3      | Gained mutation: You have supernaturally acute eyesight. [potion of mutation]
  3779 | D:3      | Gained mutation: Armour fits poorly on your strangely shaped body. [potion of mutation]
  3779 | D:3      | Gained mutation: Your body is slowly deteriorating. [potion of mutation]
  3788 | D:3      | Reached skill level 5 in Axes
  4032 | D:4      | Noticed Robin
  4560 | D:4      | Killed Robin
  4560 | D:4      | Reached skill level 1 in Short Blades
  5039 | D:4      | Noticed an ogre
  5409 | D:4      | Banished an ogre
  5409 | D:4      | Reached XP level 7. HP: 52/52 MP: 9/9
  5556 | D:4      | Noticed an ogre
  5561 | D:4      | Banished an ogre
  5586 | D:4      | Noticed Sigmund
  5588 | D:4      | Banished Sigmund
  6116 | D:5      | Entered Level 5 of the Dungeon
  6182 | D:5      | Reached skill level 5 in Short Blades
  6212 | D:5      | Found a glowing silver altar of Zin.
  6297 | D:5      | Noticed Natasha
  6300 | D:5      | Banished Natasha
  6598 | D:5      | Noticed Ijyb
  6611 | D:5      | Killed Ijyb
  6787 | D:5      | Gained mutation: You have a pair of small horns on your head. [demonic ancestry]
  6787 | D:5      | Reached XP level 8. HP: 54/59 MP: 11/11
  6805 | D:5      | Found a stormy altar of Qazlal.
  6817 | D:5      | Reached skill level 6 in Short Blades
  7079 | D:6      | Found a burning altar of Makhleb.
  7201 | D:6      | Found a sparkling altar of Nemelex Xobeh.
  7342 | D:6      | Found a basalt altar of Yredelemnul.
  7768 | D:6      | Reached skill level 7 in Short Blades
  8088 | D:7      | Found a shadowy altar of Dithmenos.
  8122 | D:7      | Reached skill level 8 in Short Blades
  8211 | D:7      | Noticed Blork the orc
  8229 | D:7      | Killed Blork the orc
  8530 | D:7      | Noticed Prince Ribbit
  8531 | D:7      | Banished Prince Ribbit
  8601 | D:7      | Reached XP level 9. HP: 24/64 MP: 12/12
  8858 | D:7      | Reached skill level 9 in Short Blades
  9231 | D:7      | Found a staircase to the Ecumenical Temple.
  9285 | D:7      | Noticed Duvessa
  9287 | D:7      | Noticed Dowan
  9288 | D:7      | Banished Duvessa
  9295 | D:7      | Killed Dowan
  9542 | D:8      | Found an opulent altar of Gozag.
  9583 | D:8      | Found a shimmering altar of Xom.
 10155 | D:8      | Found a glowing golden altar of the Shining One.
 10616 | D:8      | Found an ancient bone altar of Kikubaaqudgha.
 10635 | D:8      | Reached skill level 5 in Armour
 10844 | D:8      | Noticed a komodo dragon
 10845 | D:8      | Found a staircase to the Lair.
 10915 | D:8      | Killed a komodo dragon
 10915 | D:8      | Reached skill level 5 in Dodging
 11158 | Lair:1   | Entered Level 1 of the Lair of Beasts
 11166 | Lair:1   | Noticed a spiny frog
 11168 | Lair:1   | Banished a spiny frog
 11360 | Lair:1   | Noticed a spiny frog
 11363 | Lair:1   | Banished a spiny frog
 11422 | Lair:1   | Gained mutation: You have a pair of horns on your head. [demonic ancestry]
 11422 | Lair:1   | Reached XP level 10. HP: 70/70 MP: 14/14
 11809 | Lair:1   | Noticed a five-headed hydra
 11909 | D:9      | Found a blossoming altar of Fedhas.
 12031 | D:9      | Found a staircase to the Orcish Mines.
 12096 | D:9      | Found a deep blue altar of Sif Muna.
 12112 | D:9      | Noticed Pikel
 12151 | D:9      | Killed Pikel
 12169 | D:9      | Acquired Lugonu's fourth power
 12175 | D:9      | Found a sacrificial altar of Ru.
 12747 | D:10     | Entered Level 10 of the Dungeon
 12995 | D:10     | Noticed WereVolvo's ghost (experienced OgBe)
 13020 | D:10     | HP: 1/70 [WereVolvo's ghost (33)]
 14146 | D:10     | Acquired Lugonu's fifth power
 14461 | D:11     | Noticed an unseen horror
 14483 | D:11     | Killed an unseen horror
 14724 | D:11     | Gained mutation: You are partially covered in large bone plates (AC +2, SH +2). [demonic ancestry]
 14724 | D:11     | Reached XP level 11. HP: 57/75 MP: 15/15
 14983 | D:11     | Got a slimy robe
 14994 | D:11     | Identified the cursed +1 robe of Kaibbex {Dex+3} (You found it on level 11 of the Dungeon)
 15051 | D:11     | Noticed a hill giant
 15053 | D:11     | Banished a hill giant
 15667 | D:12     | Noticed a four-headed hydra
 15744 | D:12     | Noticed NewYearsCrawler's ghost (powerful FoFi)
 15762 | D:11     | Noticed a hill giant
 15827 | D:11     | Killed a hill giant
 16041 | D:12     | Slain by NewYearsCrawler's ghost

Action                   |  1- 3 |  4- 6 |  7- 9 | 10-12 || total
-------------------------+-------+-------+-------+-------++-------
Melee: Hand axe          |   130 |   141 |       |       ||   271
       Dagger            |       |    64 |   650 |   430 ||  1144
       Short sword       |       |       |       |    10 ||    10
Throw: Stone             |    73 |     4 |    37 |    24 ||   138
Invok: Depart the Abyss  |     1 |       |       |       ||     1
       Banish            |       |     4 |    27 |     4 ||    35
       Bend Space        |       |     1 |       |       ||     1
Evoke: Wand              |       |     3 |     7 |     1 ||    11
  Use: Potion            |       |     4 |     1 |     3 ||     8
       Scroll            |       |     8 |     1 |     7 ||    16
 Stab: Confused          |       |       |     1 |       ||     1
  Eat: Chunk             |     5 |     8 |    26 |    11 ||    50
       Beef jerky        |       |     1 |       |     1 ||     2
       Pizza             |       |       |     1 |     2 ||     3
       Fruit             |       |       |       |     1 ||     1

Vault maps used:
D:1:      ldierk_walled_garden_2
D:3:      bloody_trog
D:4:      uniq_sigmund, uniq_robin
D:5:      zin_academy, nicolae_overflow_crystal_walls, first_bread,
          kennysheep_windowed_goal, uniq_natasha, uniq_iyjb
D:6:      nemelex_deck, yredelemnul_forgotten_temple_becter, demons_altar
D:7:      kennysheep_mini, minmay_temple_entry_enclosed_plants, uniq_duvessa,
          uniq_prince_ribbit1, uniq_blork_the_orc
D:8:      xom_teletrap_fun, overflow_temple_1_default, tso_metal_star,
          kennysheep_vampire_church, david_lair_shrubbed, the_bakery
D:9:      fedhas_altar_3, overflow_temple_1_default, orc_0_dummy, basic_altar,
          uniq_pikel
D:12:     serial_park_square1, serial_shops, bzr_entry_islet, st_stairs_7
Lair:1:   lemuel_fruit_tree
